 Dungeon Crawl Stone Soup version 5.6-49-g8abd877 (webtiles) character file.

13938 feliweli the Severer (level 13, -14/117 HPs)
             Began as a Minotaur Fighter on Jan 27, 2019.
             Was a High Priest of Okawaru.
             Killed from afar by an efreet (17 damage)
             ... with a bolt of fire
             ... on level 15 of the Dungeon.
             The game lasted 00:51:54 (13528 turns).

feliweli the Severer (Minotaur Fighter)            Turns: 13528, Time: 00:51:55

Health: -14/117    AC:  9 (28%)Str: 25  XL:     13   Next: 66%
Magic:  15/15      EV: 21    Int:  5    God:    Okawaru [5*[152]]
Gold:   266        SH:  0    Dex: 16    Spells: 17/17 levels left

rFire    . . .     SeeInvis .   n - +4 battleaxe (flame)
rCold    . . .     Faith    .   (shield currently unavailable)
rNeg     . . .     Spirit   .   b - +0 scale mail
rPois    .         Reflect  .   (helmet restricted)
rElec    .         Clarity  +   (no cloak)
rCorr    .                      (no gloves)
MR       .....                  (no boots)
Stlth    +.........             j - amulet of regeneration
Regen    0.7/turn               c - +3 ring of evasion
MPRegen  0.5/turn               q - +5 ring of dexterity

@: about to teleport
A: retaliatory headbutt, horns 2, clarity, tiny mouth 1
a: Finesse, Renounce Religion


You were on level 15 of the Dungeon.
You worshipped Okawaru.
Okawaru was extremely pleased with you.
You were not hungry.

You visited 2 branches of the dungeon, and saw 16 of its levels.
You visited the bazaar 1 time.

You collected 908 gold pieces.
You spent 642 gold pieces at shops.

Inventory:

Hand Weapons
 n - a +4 battleaxe of flaming (weapon)
Missiles
 r - 82 tomahawks (quivered)
 s - 115 javelins of penetration
 w - 107 javelins
 z - 13 curare darts
 B - 77 poisoned darts
Armour
 b - a +0 scale mail (worn)
Jewellery
 c - a +3 ring of evasion (left hand)
 j - an amulet of regeneration (around neck)
 q - a +5 ring of dexterity (right hand)
Wands
 a - a wand of lightning (11)
 d - a wand of flame (24)
 e - a wand of iceblast (10)
 m - a wand of slimification (7)
 o - a wand of confusion (6)
 C - a wand of digging (10)
Scrolls
 f - 4 scrolls of teleportation
 l - 4 scrolls of fog
 p - 5 scrolls of magic mapping
 t - a scroll of silence
 v - 2 scrolls of summoning
 x - 2 scrolls of enchant weapon
 y - a scroll of fear
Potions
 g - 3 potions of cancellation
 h - 2 potions of ambrosia
 i - 3 potions of heal wounds
 k - 2 potions of invisibility
 u - a potion of flight
 A - 2 potions of lignification
 D - a potion of haste


   Skills:
 + Level 11.9(15.9) Fighting
 + Level 17.8(21.8) Axes
 + Level 10.4(14.4) Throwing
 + Level 9.4(13.4) Armour
 + Level 6.1(10.1) Dodging
 + Level 2.0 Stealth
 + Level 7.2(11.2) Shields
 + Level 1.2 Evocations


You had 17 spell levels left.
You didn't know any spells.
Your spell library contained the following spells:

 Spells                   Type           Power        Failure   Level  Hunger
 Cause Fear               Hex            0 (200)      100%        4    N/A
 Conjure Flame            Fire/Air       0 (100)      97%         3    N/A
 Haste                    Chrm           0 (200)      100%        9    N/A
 Invisibility             Hex            0 (200)      100%        7    N/A
 Freezing Cloud           Ice/Air        0 (200)      100%        6    N/A
 Mephitic Cloud           Hex/Air        0 (100)      100%        4    N/A
 Ring of Flames           Chrm/Fire      0 (200)      100%        7    N/A
 Death's Door             Chrm/Necr      0 (200)      100%        8    N/A
 Haunt                    Necr/Summ      0 (200)      100%        7    N/A
 Borgnjor's Revivificati  Necr           0 (200)      100%        8    N/A
 Freeze                   Ice            0 (25)       71%         1    N/A
 Ozocubu's Armour         Chrm/Ice       0 (100)      100%        4    N/A
 Regeneration             Chrm/Necr      0 (200)      97%         3    N/A
 Swiftness                Chrm/Air       0 (100)      83%         2    N/A
 Necromutation            Tmut/Necr      0 (200)      100%        6    N/A
 Deflect Missiles         Chrm/Air       0 (200)      100%        6    N/A
 Throw Icicle             Ice            0 (100)      100%        4    N/A
 Flame Tongue             Fire           0 (40)       71%         1    N/A
 Passwall                 Tmut/Erth      0 (200)      83%         2    N/A
 Ensorcelled Hibernation  Hex/Ice        0 (50)       83%         2    N/A
 Metabolic Englaciation   Hex/Ice        0 (200)      100%        5    N/A
 Silence                  Hex/Air        0 (200)      100%        4    N/A
 Lee's Rapid Deconstruct  Erth           0 (200)      100%        5    N/A
 Sandblast                Erth           0 (25)       71%         1    N/A
 Petrify                  Tmut/Erth      0 (100)      100%        4    N/A
 Passage of Golubria      Tloc           N/A          100%        4    N/A
 Darkness                 Hex            0 (200)      100%        7    N/A
 Force Lance              Tloc/Erth      0 (100)      97%         3    N/A
 Song of Slaying          Chrm           0 (100)      83%         2    N/A
 Spectral Weapon          Chrm/Summ      0 (100)      100%        5    N/A
 Searing Ray              Fire           0 (50)       83%         2    N/A
 Discord                  Hex            0 (200)      100%        8    N/A
 Yara's Violent Unravell  Hex/Tmut       0 (200)      100%        5    N/A
 Infestation              Hex/Necr       0 (200)      100%        7    N/A

Dungeon Overview and Level Annotations

Branches:
Dungeon (15/15)            Depths (0/3) D:15         Bazaar (1/1)
    Orc: D:15        Vaults: D:15

Altars:
Cheibriados
Dithmenos
Elyvilon
Gozag
Jiyva
Kikubaaqudgha
Lugonu
Makhleb
Nemelex Xobeh
Okawaru
Qazlal
Ru
Sif Muna
Trog
Uskayaw
Vehumet
Wu Jian
Xom
Yredelemnul
Zin
The Shining One

Shops:
Bazaar :*=([(!}

Annotations:
D:9 exclusion: ice statue
D:13 exclusion: obsidian statue


Innate Abilities, Weirdness & Mutations

You reflexively headbutt those who attack you in melee.
You have a pair of horns on your head.
You possess an exceptional clarity of mind.
Potions take you a little longer to quaff.


Message History

A phantasmal warrior comes into view.
The efreet misses you.
A skeletal warrior comes into view. It is wielding a +0 hand axe.
A golden dragon skeleton comes into view.
An ettin zombie comes into view.
Found a staircase to the Depths.
An efreet comes into view.
It is wielding a +2 scimitar of flaming.
As you read the scroll of teleportation, it crumbles to dust.
You feel strangely unstable. The efreet gestures at you.
The fireball explodes!
The fireball engulfs you!
That hurt (3)!
* * * LOW HITPOINT WARNING * * *
The fireball engulfs the efreet (0).
The efreet completely resists.
You hear a shout! x16; You hear two shouts!
You hear a shout!
You hear two shouts!
You hear a shout! x2
Unknown command.
The phantasmal warrior blinks!
The efreet gestures at you. The bolt of fire hits you!
That hurt (17)!
You die...

.....P...
.........
#..Z..88>
#..88.ยง..
#.8PZ....
#z.......
#R8......
#....8.8.
#@W......
#.#..#...
###....##
...# ...#
#.# .#


You could see a skeletal warrior, a phantasmal warrior, an efreet, an ettin
zombie and a golden dragon skeleton.

Vanquished Creatures
  Gastronok (D:12)
  Harold (D:12)
  An ogre mage (D:14)
  A hydra (D:13)
  2 centaur warriors
  A tengu warrior (D:13)
  8 two-headed ogres
  6 death yaks (D:8)
  An orc high priest (D:12)
  Sonja (D:12)
  Nergalle (D:10)
  An unseen horror (D:11)
  A wizard (D:14)
  Pikel (D:4)
  A wolf spider zombie (D:14)
  8 ugly things
  4 cyclopes
  A manticore (D:13)
  A black mamba (D:10)
  2 gargoyles
  3 spiny frogs
  2 rime drakes
  A tengu conjurer (D:13)
  6 trolls
  A wind drake (shapeshifter) (D:13)
  7 slime creatures
  Sigmund (D:4)
  A hornet zombie (D:14)
  A meliai zombie (D:14)
  2 wraiths
  An air elemental (shapeshifter) (D:13)
  A water elemental (D:12)
  3 wyverns
  A vampire (D:10)
  2 angry ghosts
  3 steam dragons
  2 wargs (D:12)
  2 acid dragons
  Duvessa (D:7)
  3 water moccasins
  A spiny frog zombie (D:9)
  9 ice beasts
  A black bear (D:10)
  8 orc warriors
  A phantom (D:9)
  A wasp (D:11)
  2 blink frog zombies
  4 ogres
  2 blink frog skeletons (D:14)
  14 centaurs
  A big kobold (D:4)
  A bullfrog (D:9)
  Dowan (D:7)
  2 water moccasin skeletons
  2 wyvern skeletons
  13 killer bees
  5 crimson imps
  5 wights (D:9)
  6 electric eels (D:12)
  5 howler monkeys
  A bullfrog zombie (D:6)
  2 centaur zombies
  4 quasits
  2 centaur skeletons
  4 hounds
  2 jellies
  6 orc priests
  Crazy Yiuf (D:7)
  A wyvern simulacrum (D:14)
  13 orc wizards
  Jessica (D:3)
  5 worker ants
  2 iguanas
  2 hound skeletons (D:4)
  12 gnolls (D:4)
  8 adders
  40 orcs
  8 quokkas
  8 bats
  6 giant cockroaches
  40 goblins
  33 hobgoblins
  7 jackals
  12 kobolds
  2 ball pythons
  A frilled lizard (D:1)
  8 rats
  3 fungi
  2 plants (D:12)
408 creatures vanquished.

Vanquished Creatures (collateral kills)
  A goblin (D:1)
  A ball python (D:1)
  A kobold (D:1)
  2 rats (D:1)
5 creatures vanquished.

Vanquished Creatures (others)
  3 slaves (D:4)
  A big kobold (D:4)
  An orc wizard (D:4)
  3 orcs (D:4)
8 creatures vanquished.

Grand Total: 421 creatures vanquished

Notes
Turn   | Place    | Note
-------+----------+-------------------------------------------
     0 | D:1      | feliweli the Minotaur Fighter began the quest for the Orb.
     0 | D:1      | Reached XP level 1. HP: 19/19 MP: 1/1
   216 | D:1      | Reached XP level 2. HP: 27/27 MP: 2/2
   777 | D:1      | Reached XP level 3. HP: 33/33 MP: 3/3
  1297 | D:2      | Found a hide-covered altar of Uskayaw.
  1306 | D:2      | Found a sparkling altar of Nemelex Xobeh.
  1311 | D:2      | Reached skill level 3 in Axes
  1416 | D:2      | Found a deep blue altar of Sif Muna.
  1448 | D:2      | Reached skill level 1 in Throwing
  1596 | D:2      | Reached XP level 4. HP: 40/40 MP: 4/4
  1629 | D:2      | Found a viscous altar of Jiyva.
  1814 | D:2      | Found an iron altar of Okawaru.
  1827 | D:2      | Became a worshipper of Warmaster Okawaru
  2083 | D:3      | Reached skill level 1 in Dodging
  2413 | D:3      | Reached XP level 5. HP: 43/46 MP: 5/5
  2502 | D:3      | Found a stormy altar of Qazlal.
  2680 | D:3      | Reached skill level 4 in Axes
  2758 | D:3      | Found a radiant altar of Vehumet.
  2871 | D:3      | Noticed Jessica
  2875 | D:3      | Killed Jessica
  2935 | D:3      | Found a shimmering altar of Xom.
  2952 | D:3      | Reached skill level 5 in Armour
  2952 | D:3      | Reached XP level 6. HP: 55/55 MP: 7/7
  2956 | D:3      | Reached * piety under Okawaru
  2956 | D:3      | Reached skill level 5 in Fighting
  3150 | D:3      | Reached skill level 5 in Shields
  3278 | D:3      | Gained mutation: Potions take you a little longer to quaff. [mutagenic hatch]
  3330 | D:4      | Reached skill level 5 in Axes
  3347 | D:4      | Reached XP level 7. HP: 37/61 MP: 8/8
  3630 | D:4      | Noticed Pikel
  3642 | D:4      | Killed Pikel
  3642 | D:4      | Reached ** piety under Okawaru
  3642 | D:4      | Reached skill level 7 in Axes
  3642 | D:4      | Reached XP level 8. HP: 55/70 MP: 7/10
  3728 | D:4      | Found a shadowy altar of Dithmenos.
  4101 | D:4      | Reached skill level 8 in Axes
  4255 | D:4      | Noticed Sigmund
  4269 | D:4      | Killed Sigmund
  4279 | D:4      | Noticed a slime creature
  4279 | D:4      | a goblin changed into a slime creature
  4286 | D:4      | Killed a slime creature
  4286 | D:4      | Reached *** piety under Okawaru
  4286 | D:4      | Reached skill level 9 in Axes
  4286 | D:4      | Reached skill level 1 in Evocations
  4510 | D:4      | Found a snail-covered altar of Cheibriados.
  4628 | D:4      | Found a burning altar of Makhleb.
  4628 | D:4      | Noticed a balrug
  4631 | D:4      | Noticed a hellwing
  4698 | D:4      | Found a corrupted altar of Lugonu.
  5027 | D:5      | Entered Level 5 of the Dungeon
  5043 | D:5      | Reached XP level 9. HP: 78/78 MP: 10/10
  5115 | D:5      | Found an ornate altar of the Wu Jian Council.
  5276 | D:5      | Found a glowing golden altar of the Shining One.
  5283 | D:5      | Reached **** piety under Okawaru
  5283 | D:5      | Reached skill level 10 in Axes
  5495 | D:5      | Found a bloodstained altar of Trog.
  5559 | D:5      | Found a glowing silver altar of Zin.
  5560 | D:5      | Found an opulent altar of Gozag.
  5908 | D:6      | Found an ancient bone altar of Kikubaaqudgha.
  6100 | D:6      | Found a basalt altar of Yredelemnul.
  6732 | D:7      | Found a sacrificial altar of Ru.
  7107 | D:7      | Noticed Dowan
  7108 | D:7      | Noticed Duvessa
  7114 | D:7      | Killed Duvessa
  7114 | D:7      | Reached skill level 1 in Stealth
  7114 | D:7      | Killed Dowan
  7396 | D:7      | Found a runed door.
  7457 | D:7      | Reached skill level 11 in Axes
  7569 | D:7      | Found a white marble altar of Elyvilon.
  7684 | D:7      | Found a burning altar of Makhleb.
  7926 | D:7      | Noticed Crazy Yiuf
  7928 | D:7      | Killed Crazy Yiuf
  8014 | D:8      | Got the Grimoire of Blistering Protection
  8068 | D:8      | Noticed a death yak
  8071 | D:8      | Noticed a death yak
  8072 | D:8      | Noticed a death yak
  8074 | D:8      | Noticed a death yak
  8076 | D:8      | Noticed a death yak
  8079 | D:8      | Noticed a death yak
  8080 | D:8      | Killed a death yak
  8080 | D:8      | Reached XP level 10. HP: 88/88 MP: 11/11
  8086 | D:8      | Killed a death yak
  8086 | D:8      | Reached skill level 12 in Axes
  8091 | D:8      | Killed a death yak
  8094 | D:8      | Killed a death yak
  8094 | D:8      | Reached skill level 13 in Axes
  8099 | D:8      | Killed a death yak
  8101 | D:8      | Killed a death yak
  8101 | D:8      | Reached ***** piety under Okawaru
  8101 | D:8      | Received a gift from Okawaru
  8101 | D:8      | Reached skill level 5 in Dodging
  8373 | D:8      | Reached XP level 11. HP: 97/97 MP: 13/13
  8419 | D:8      | Reached skill level 14 in Axes
  9187 | D:10     | Entered Level 10 of the Dungeon
  9502 | D:10     | Noticed Nergalle
  9512 | D:10     | Reached skill level 10 in Fighting
  9513 | D:10     | Killed Nergalle
  9734 | D:10     | Received a gift from Okawaru
  9925 | D:11     | Noticed a red ugly thing
  9932 | D:11     | Killed a red ugly thing
  9932 | D:11     | Reached skill level 15 in Axes
  9933 | D:11     | Noticed a two-headed ogre
  9941 | D:11     | Killed a two-headed ogre
 10094 | D:11     | Noticed an unseen horror
 10099 | D:11     | Killed an unseen horror
 10239 | D:11     | Reached skill level 5 in Throwing
 10247 | D:11     | Noticed a brown ugly thing
 10259 | D:11     | Killed a brown ugly thing
 10259 | D:11     | Reached XP level 12. HP: 108/108 MP: 14/14
 10326 | D:11     | Found a gateway to a bazaar.
 10335 | Bazaar   | Entered a bazaar
 10335 | Bazaar   | Found Xefuwaat's Antique Weapon Boutique.
 10335 | Bazaar   | Found Bamakhlek's Distillery.
 10335 | Bazaar   | Found Pouman's Antique Weapon Emporium.
 10365 | Bazaar   | Found Sireim's General Store.
 10367 | Bazaar   | Found Ruryuh's Book Emporium.
 10426 | Bazaar   | Bought a scroll of summoning for 161 gold pieces
 10426 | Bazaar   | Bought a potion of augmentation for 85 gold pieces
 10441 | Bazaar   | Bought 2 potions of berserk rage for 110 gold pieces
 10441 | Bazaar   | Bought a potion of heal wounds for 55 gold pieces
 10441 | Bazaar   | Bought a potion of berserk rage for 55 gold pieces
 10441 | Bazaar   | Bought a potion of resistance for 110 gold pieces
 10441 | Bazaar   | Bought 2 potions of lignification for 66 gold pieces
 11039 | D:12     | Noticed Harold
 11052 | D:12     | Killed Harold
 11052 | D:12     | Reached skill level 16 in Axes
 11126 | D:12     | Noticed a two-headed ogre
 11128 | D:12     | Noticed Sonja
 11138 | D:12     | Killed a two-headed ogre
 11149 | D:12     | Killed Sonja
 11252 | D:12     | Noticed Gastronok
 11267 | D:12     | Killed Gastronok
 11267 | D:12     | Received a gift from Okawaru
 11485 | D:12     | Noticed an orc high priest
 11494 | D:12     | Killed an orc high priest
 11499 | D:12     | Received a gift from Okawaru
 11623 | D:12     | Noticed a two-headed ogre
 11631 | D:12     | Killed a two-headed ogre
 11880 | D:13     | Noticed a centaur warrior
 11889 | D:13     | Noticed a tengu warrior
 11892 | D:13     | Killed a centaur warrior
 11917 | D:13     | Killed a tengu warrior
 11917 | D:13     | Reached skill level 17 in Axes
 12063 | D:13     | Noticed a two-headed ogre
 12076 | D:13     | Killed a two-headed ogre
 12076 | D:13     | Reached XP level 13. HP: 92/116 MP: 5/15
 12513 | D:13     | Gained mutation: You possess an exceptional clarity of mind. [mutagenic hatch]
 12672 | D:14     | Received a gift from Okawaru
 12686 | D:14     | Got the +1 longbow of Abomination {elec, Stlth+}
 13099 | D:14     | Reached skill level 10 in Throwing
 13507 | D:15     | Entered Level 15 of the Dungeon
 13524 | D:15     | HP: 3/117 [enchanted long sword (10)]
 13526 | D:15     | Found a staircase to the Depths.
 13528 | D:15     | Killed from afar by an efreet

Skill      XL: |  1  2  3  4  5  6  7  8  9 10 11 12 13 |
---------------+----------------------------------------+-----
Shields        | 4 5 6 7 |  7.2
Armour         | 4 5 6 7 8 9 |  9.4
Axes           | 3 4 5 7 9 11 13 15 17 | 17.8
Throwing       | 1 5 8 10 | 10.4
Fighting       | 4 5 6 7 9 10 11 | 11.9
Dodging        | 1 2 4 5 6 |  6.1
Evocations     | 1 |  1.2
Stealth        | 1 2 |  2.0

Action                   |  1- 3 |  4- 6 |  7- 9 | 10-12 | 13-15 || total
-------------------------+-------+-------+-------+-------+-------++-------
Melee: War axe           |   103 |   120 |   224 |       |       ||   447
       Headbutt          |    11 |    22 |    46 |    50 |    15 ||   144
       Battleaxe         |       |       |    59 |   272 |    56 ||   387
Throw: Frenzy dart       |    11 |       |       |       |       ||    11
       Curare dart       |     6 |       |       |       |       ||     6
       Tomahawk          |       |       |     5 |    65 |    80 ||   150
       Poisoned dart     |       |       |     4 |   102 |       ||   106
       Javelin           |       |       |       |     2 |     3 ||     5
Evoke: Wand              |       |       |    14 |       |       ||    14
  Use: Potion            |       |       |     7 |    10 |       ||    17
       Scroll            |       |       |     7 |     1 |     4 ||    12
Armor: Scale mail        |    53 |    58 |    68 |    22 |     6 ||   207
       Skin              |       |       |    44 |    38 |       ||    82
Dodge: Dodged            |    31 |    38 |   126 |   157 |    45 ||   397
Block: Shield            |    58 |    72 |   125 |       |       ||   255
